 Dungeon Crawl Stone Soup version 0.28-b1-25-g9875b3fc8c (webtiles) character file.

Game seed: 18315667945872251052

8540 pkoi the Severer (level 11, -3/80 HPs)
             Began as a Minotaur Gladiator on Jan 31, 2022.
             Was an Elder of Elyvilon.
             Succumbed to a vampire's poison
             ... on level 10 of the Dungeon.
             The game lasted 00:10:57 (12306 turns).

pkoi the Severer (Minotaur Gladiator)              Turns: 12306, Time: 00:10:58

Health: -3/80      AC: 11    Str: 24    XL:     11   Next: 11%
Magic:  0/18       EV:  9    Int:  5    God:    Elyvilon [****..]
Gold:   699        SH:  0    Dex: 11    Spells: 10/10 levels left

rFire   + . .      SeeInvis .   a - +1 war axe (protect)
rCold   + . .      Faith    .   (no shield)
rNeg    + . .      Spirit   +   u - +0 chain mail
rPois   +          Reflect  .   c - +0 hat
rElec   +          Harm     .   C - scarf {repulsion}
rCorr   +          Rampage  .   m - +2 pair of gloves
Will    .....                   (no boots)
Stlth   ..........              i - amulet of guardian spirit
HPRegen 0.23/turn               g - ring of positive energy
MPRegen 0.16/turn               t - +4 ring of slaying

@: confused, lethally poisoned (-3 -> -21), resistant, studying Crossbows, repel
missiles
A: horns 2, retaliatory headbutt
a: Renounce Religion, Purification, Heal Other, Heal Self


You were on level 10 of the Dungeon.
You worshipped Elyvilon.
Elyvilon was greatly pleased with you.
You visited 2 branches of the dungeon, and saw 12 of its levels.

You collected 699 gold pieces.

Inventory:

Hand Weapons
 a - a +1 war axe of protection (weapon)
 b - a +0 arbalest
Missiles
 d - 3 throwing nets (quivered)
 f - 39 poisoned darts
 k - 95 bolts
Armour
 c - a +0 hat (worn)
 m - a +2 pair of gloves (worn)
 u - a +0 chain mail (worn)
 C - a scarf of repulsion (worn)
Jewellery
 g - a ring of positive energy (left hand)
 i - an amulet of guardian spirit (around neck)
 n - an amulet of regeneration
 s - a +6 ring of dexterity
 t - a +4 ring of slaying (right hand)
 B - a ring of wizardry
 D - a ring of wizardry
 F - a +6 ring of strength
Wands
 w - a wand of digging (4)
 y - a wand of acid (4)
Scrolls
 h - 5 scrolls of identify
 j - a scroll of magic mapping
 p - 3 scrolls of enchant weapon
 r - 3 scrolls of teleportation
 v - 2 scrolls of vulnerability
 x - a scroll of noise {unknown}
 z - 2 scrolls of amnesia
 A - a scroll of blinking {unknown}
Potions
 q - a potion of might
 E - a potion of flight


   Skills:
 - Level 2.4 Fighting
 + Level 15.1 Axes
 + Level 6.9 Crossbows
 - Level 2.0 Throwing
 - Level 3.2 Dodging
 + Level 11.0 Invocations


You had 10 spell levels left.
You didn't know any spells.
Your spell library contained the following spells:

 Spells                   Type           Power      Damage    Failure   Level
 Slow                     Hex            0%         N/A       99%         1
 Sting                    Tmut/Pois      0%         1d3       99%         1
 Poisonous Vapours        Pois/Air       0%         N/A       100%        2
 Confusing Touch          Hex            0%         N/A       100%        3
 Ignite Poison            Fire/Tmut/Pois 0%         N/A       100%        3
 Mephitic Cloud           Conj/Pois/Air  0%         N/A       100%        3
 Tukima's Dance           Hex            0%         N/A       100%        3
 Vampiric Draining        Necr           0%         2d6       100%        3
 Olgreb's Toxic Radiance  Pois           0%         N/A       100%        4
 Passage of Golubria      Tloc           0%         N/A       100%        4
 Summon Ice Beast         Ice/Summ       0%         N/A       100%        4
 Freezing Cloud           Conj/Ice/Air   0%         6-21      100%        5
 Iskenderun's Battlesphe  Conj           0%         2d6       100%        5
 Summon Mana Viper        Hex/Summ       0%         N/A       100%        5
 Yara's Violent Unravell  Hex/Tmut       0%         3d3       100%        5
 Iron Shot                Conj/Erth      0%         9d1       100%        6
 Monstrous Menagerie      Summ           0%         N/A       100%        7
 Spellforged Servitor     Conj/Summ      0%         N/A       100%        7


Dungeon Overview and Level Annotations

Branches:
Dungeon (11/15)            Temple (1/1) D:5            Lair (0/6) D:9
    Orc (0/2) D:10

Altars:
Ashenzari
Cheibriados
Dithmenos
Elyvilon
Fedhas
Gozag
Hepliaklqana
Kikubaaqudgha
Makhleb
Nemelex Xobeh
Okawaru
Qazlal
Ru
Sif Muna
Trog
Uskayaw
Vehumet
Wu Jian
Xom
Yredelemnul
Zin
The Shining One

Shops:
D:1 *   D:5 *   D:6 *   D:11 [

Annotations:
D:3 2 transporters, Minsecho's ghost, amateur HOFi
D:9 2 transporters


Innate Abilities, Weirdness & Mutations

You have a pair of horns on your head.
You reflexively headbutt those who attack you in melee.


Message History

You are too confused!
Unknown command.
You bump into the rock wall.
You feel very sick. Something draws life force from you!
You're too confused to move!
You feel very sick. Something hits you!
* * * LOW HITPOINT WARNING * * *
Something bites you but does no damage. Something hits you but does no damage.
You are more poisoned.
Something bites you.
* * * LOW HITPOINT WARNING * * *
Something draws strength from your injuries!
You feel better. Something hits you.
* * * LOW HITPOINT WARNING * * *
You are poisoned.
Something bites you but does no damage.
The howler monkey hoots and howls with incredible vigour!
Unknown command.
You feel better. Something hits you!
* * * LOW HITPOINT WARNING * * *
You are poisoned.
Something bites you.
* * * LOW HITPOINT WARNING * * *
Something draws strength from your injuries!
Something hits you!
* * * LOW HITPOINT WARNING * * *
You are more poisoned.
Something bites you!
* * * LOW HITPOINT WARNING * * *
Something draws strength from your injuries!
As you read the scroll of fear, it crumbles to dust.
You assume a fearsome visage.
The howler monkey looks frightened!
Elyvilon protects you from harm!
You hear some strange, mumbled words.
You are confused.
You are too confused!
You feel protected.
You die...

#... #..# #>.#
#..# #..# #..# #
#..# #..# #.###..#
#..# #.....h# #..#
#..# #......# #..#
#..# #.####.# #..#
#..# # #@# #..#
#..# #.# #..# #..#
#.#####..######..#
#.................
#.........#####...
#[#####.))# #...
#.# #.))# #.## #.#
#...# #.# #.#
#...# #.#


You could see a howler monkey (fleeing).

Vanquished Creatures
  A centaur warrior (D:11)
  A yaktaur (D:11)
  A troll (D:11)
  2 wyverns
  2 wraiths (D:11)
  8 yaks
  2 acid dragons (D:8)
  2 water moccasins (D:9)
  2 orc warriors
  A hornet zombie (D:8)
  An ogre (D:5)
  7 centaurs
  A phantom (D:7)
  2 kobold brigands
  A gnoll sergeant (D:7)
  3 bullfrogs (D:9)
  A wyvern zombie (D:6)
  5 scorpions
  A jelly (D:6)
  3 wights
  7 howler monkeys
  5 centaur zombies
  6 hounds
  7 orc priests
  3 centaur skeletons
  A gnoll shaman (D:7)
  2 bullfrog skeletons
  7 orc wizards
  A scorpion zombie (D:5)
  A killer bee zombie (D:5)
  A howler monkey zombie (D:8)
  7 gnolls
  3 adders
  2 shadow imps
  An ufetubus (D:4)
  2 worms
  3 dart slugs
  23 orcs
  6 endoplasms
  8 giant cockroaches
  4 goblins
  7 hobgoblins
  4 jackals (D:2)
  4 quokkas
  5 ball pythons
  3 bats
  2 frilled lizards
  13 kobolds
  A quokka skeleton (D:4)
  6 rats
192 creatures vanquished.

Vanquished Creatures (others)
  A yak (D:11)
  2 orc priests (D:10)
  An orc wizard (D:10)
  An orc (D:10)
  9 fungi (D:9)
  19 plants
33 creatures vanquished.

Grand Total: 225 creatures vanquished

Notes
Turn   | Place    | Note
-------+----------+-------------------------------------------
     0 | D:1      | pkoi the Minotaur Gladiator began the quest for the Orb.
     0 | D:1      | Reached XP level 1. HP: 18/18 MP: 0/0
    73 | D:1      | Reached skill level 4 in Axes
   100 | D:1      | Found Naphul's General Store.
   208 | D:1      | Reached XP level 2. HP: 19/25 MP: 1/1
   913 | D:2      | Reached skill level 5 in Axes
  1009 | D:2      | Reached XP level 3. HP: 30/30 MP: 2/2
  1265 | D:2      | Identified the +0 robe of Yvaudgha {rC- Str+3}
  1910 | D:3      | Reached XP level 4. HP: 35/37 MP: 3/3
  1939 | D:3      | Reached skill level 6 in Axes
  2144 | D:3      | Found a transporter.
  2153 | D:3      | Found a transporter.
  2153 | D:3      | Noticed Minsecho's ghost (amateur HOFi)
  2213 | D:3      | Found a faded altar of an unknown god.
  3061 | D:5      | Entered Level 5 of the Dungeon
  3128 | D:5      | Reached skill level 7 in Axes
  3128 | D:5      | Reached XP level 5. HP: 31/42 MP: 2/4
  3242 | D:5      | Noticed an ogre
  3252 | D:5      | Killed an ogre
  3253 | D:5      | Reached skill level 8 in Axes
  3528 | D:5      | Found a staircase to the Ecumenical Temple.
  3566 | D:5      | Reached XP level 6. HP: 25/50 MP: 2/5
  3724 | Temple   | Entered the Ecumenical Temple
  4003 | Temple   | Became a worshipper of Elyvilon the Healer
  4078 | D:5      | Reached skill level 1 in Invocations
  4133 | D:5      | Found Ugaul's Assorted Antiques.
  4537 | D:5      | Reached skill level 9 in Axes
  4537 | D:5      | Reached XP level 7. HP: 52/56 MP: 6/8
  4757 | D:5      | Reached * piety under Elyvilon
  5013 | D:6      | Found Mabiomuk's Elemental Accessories.
  5304 | D:6      | Identified a scroll of acquirement
  5304 | D:6      | Acquired a manual of Crossbows
  5369 | D:6      | Reached skill level 1 in Crossbows
  5449 | D:6      | Found an ancient bone altar of Kikubaaqudgha.
  5668 | D:6      | Reached XP level 8. HP: 62/62 MP: 10/10
  6329 | D:7      | Reached skill level 10 in Axes
  6394 | D:7      | Reached ** piety under Elyvilon
  6654 | D:7      | Reached skill level 5 in Crossbows
  6654 | D:7      | Reached skill level 5 in Invocations
  7602 | D:7      | Reached skill level 11 in Axes
  7646 | D:8      | Reached XP level 9. HP: 32/68 MP: 7/12
  7650 | D:8      | Found a basalt altar of Yredelemnul.
  8015 | D:8      | Elyvilon protects you from harm!
  8518 | D:8      | Reached *** piety under Elyvilon
  8531 | D:8      | Found a hide-covered altar of Uskayaw.
  8784 | D:9      | Reached skill level 12 in Axes
  9448 | D:9      | Noticed a cyclops
  9747 | D:9      | Reached skill level 13 in Axes
  9760 | D:9      | Reached XP level 10. HP: 56/74 MP: 12/15
 10220 | D:9      | Found a staircase to the Lair.
 10322 | D:9      | Noticed a green ugly thing
 10322 | D:9      | Noticed a fire dragon
 10323 | D:9      | Found a transporter.
 10325 | D:9      | Found a transporter.
 10326 | D:9      | Found a burning altar of Makhleb.
 10326 | D:9      | Found an opulent altar of Gozag.
 10603 | D:10     | Entered Level 10 of the Dungeon
 10627 | D:10     | Found a staircase to the Orcish Mines.
 11004 | D:10     | Found an iron altar of Okawaru.
 11008 | D:10     | Found a blossoming altar of Fedhas.
 11013 | D:10     | Found a stormy altar of Qazlal.
 11051 | D:10     | You fall into a shaft and drop 1 floor!
 11074 | D:11     | Reached skill level 14 in Axes
 11241 | D:11     | Noticed a two-headed ogre
 11244 | D:11     | Pacified a two-headed ogre
 11245 | D:11     | Reached skill level 10 in Invocations
 11346 | D:11     | Found Kun Itteh's Antique Armour Emporium.
 11597 | D:11     | Noticed a centaur warrior
 11606 | D:11     | Killed a centaur warrior
 11773 | D:11     | Reached **** piety under Elyvilon
 11868 | D:11     | Noticed Josephine
 11869 | D:11     | Pacified Josephine
 11870 | D:11     | Reached skill level 15 in Axes
 11870 | D:11     | Reached XP level 11. HP: 80/80 MP: 15/18
 12284 | D:10     | Identified the +8 hand axe of Bihonn {venom, *Slow rF++
                  | Str+4}
 12304 | D:10     | HP: 1/80 [something (5)]
 12305 | D:10     | Elyvilon protects you from harm!
 12306 | D:10     | Succumbed to a vampire's poison

Illustrated notes

Levels and vault maps discovered:
D:1:      dpeg_arrival_stone_temple_mockup, layout_basic, serial_shops,
          nicolae_shop_temple_entry_statues_fountains
D:2:      layout_loops_ring
D:3:      layout_rooms, hellmonk_ecumenical_altar_lost_god,
          gammafunk_ghost_gnarly_gnolls, chequers_serial_rivers_small_3,
          hex_medium, kennysheep_generic_room_5
D:4:      layout_basic
D:5:      layout_loops_corners, minmay_temple_entry_junction_2, serial_shops,
          shop, cheibrodos_gnoll_hut
D:6:      layout_gridville, lemuel_doored_altar, nicolae_elemental_shop
D:7:      layout_basic
D:8:      layout_rooms, yredelemnul_altar_generic, nicolae_uskayaw_dance_hall
D:9:      layout_irregular_city, gammafunk_temple_overflow_arena,
          grunt_lair_entry_orc_guard_hut
D:10:     layout_long_grid, grunt_temple_overflow_diamond, david_orc_3
D:11:     layout_roguey, serial_shops, nicolae_shop_overgrown_old_shop,
          minivault_22, uniq_josephine
Temple:   minmay_temple_curvy_branch

Skill      XL: |  1  2  3  4  5  6  7  8  9 10 11 |
---------------+----------------------------------+-----
Axes           | 4 5 7 8 9 11 13 15 | 15.1
Invocations    | 2 4 6 8 10 11 | 11.0
Crossbows      | 3 6 |  6.9
Fighting       | |  2.4
Throwing       | |  2.0
Dodging        | |  3.2

Action                   |  1- 3 |  4- 6 |  7- 9 | 10-12 || total
-------------------------+-------+-------+-------+-------++-------
Melee: War axe           |    75 |   106 |   234 |   118 ||   533
       Headbutt          |    11 |    22 |    49 |    34 ||   116
       Punch             |       |       |     7 |       ||     7
 Fire: Arbalest          |       |       |       |     4 ||     4
Invok: Heal Other        |       |       |     3 |     8 ||    11
  Use: Potion            |       |     1 |       |     3 ||     4
       Scroll            |       |       |    12 |     6 ||    18
Armor: Leather armour    |    19 |    18 |       |       ||    37
       Chain mail        |       |       |   122 |    59 ||   181
Dodge: Dodged            |    60 |    66 |   135 |    58 ||   319
